 Dungeon Crawl Stone Soup version 0.14-a0-1313-gb2df4ef (webtiles) character file.

185 Psiweapon the Grave Robber (level 4, -8/33 HPs)
             Began as a Mummy Necromancer on Dec 5, 2013.
             Mangled by a gnoll
             ... wielding a +1,+2 spear
              (11 damage)
             ... on Level 3 of the Dungeon.
             The game lasted 00:11:38 (2877 turns).

Psiweapon the Grave Robber (Mummy Necromancer)      Turns: 2877, Time: 00:11:38

HP  -8/33        AC  2     Str 11      XL: 4   Next: 80%
MP   3/7         EV 12     Int 15      God:
Gold 62          SH  0     Dex 12      Spells:  2 memorised,  3 levels left

rFire  x . .     SeeInvis .     e - +0 dagger
rCold  + . .     Clarity  .     a - +0 robe
rNeg   + + +     Conserve .     (no shield)
rPois  +         rCorr    .     (no helmet)
rElec  .         rRot     +     (no cloak)
SustAb + .       Spirit   .     (no gloves)
rMut   .         Warding  .     (no boots)
Saprov . . .     Stasis   .     (no amulet)
                                r - ring of sustain abilities {unknown}
                                k - ring of sustenance {unknown}

@: slightly resistant to hostile enchantments, fairly stealthy
A: no food or potions, fire vulnerability, restore body, cold resistance 1, life
protection 3, poison resistance, torment resistance, unbreathing
a: no special abilities


You were on level 3 of the Dungeon.
You were not hungry.

You visited 1 branch of the dungeon, and saw 3 of its levels.

You collected 62 gold pieces.

Inventory:

Hand weapons
 c - a -3,+0 hand axe
 d - a +0,+0 short sword
 e - a +0,+0 dagger (weapon)
Missiles
 i - 24 darts (quivered)
Armour
 a - a +0 robe (worn)
Scrolls
 g - 2 scrolls of identify {unknown}
 h - a scroll of fear {unknown}
 j - 3 scrolls of teleportation {unknown}
 l - a scroll of amnesia {unknown}
 m - a scroll of enchant armour {unknown}
 n - a scroll of remove curse
 o - 2 scrolls of enchant weapon I {unknown}
 p - a scroll of curse jewellery {unknown}
 q - a scroll of curse weapon {unknown}
 s - a scroll of random uselessness {unknown}
 t - a scroll of immolation {unknown}
Jewellery
 f - an uncursed amulet of rage
 k - a ring of sustenance (left hand) {unknown}
 r - a ring of sustain abilities (right hand) {unknown}
Books
 b - a book of Necromancy

   Spells                             Type                      Level
   *Pain                              Necromancy                   1
   Animate Skeleton                   Necromancy                   1
   Lethal Infusion                    Charms/Necromancy            2
   *Vampiric Draining                 Necromancy                   3
   Regeneration                       Charms/Necromancy            3
   Animate Dead                       Necromancy                   4
   Control Undead                     Necromancy                   4


   Skills:
 + Level 2.0 Fighting
 + Level 2.4 Dodging
 + Level 2.6 Stealth
 - Level 2.0 Spellcasting
 + Level 4.6 Necromancy


You had 3 spell levels left.
You knew the following spells:

 Your Spells              Type           Power        Failure   Level  Hunger
a - Pain                  Necr           ###.         3%          1    N/A
b - Vampiric Draining     Necr           ###.......   12%         3    N/A

Dungeon Overview and Level Annotations

Branches:
Dungeon (3/16)

Altars:
Fedhas
Nemelex Xobeh

Annotations:
D:2 1 exclusion


Innate Abilities, Weirdness & Mutations

You do not eat or drink.
Your flesh is vulnerable to fire.
Your flesh is cold resistant.
You are immune to negative energy.
Your system is resistant to poisons.
You are immune to unholy pain and torment.
You can survive without breathing.


Message History

Aiming: Pain
Press: ? - help, Shift-Dir - straight line, f/p - gnoll
Aim: a gnoll, wielding a halberd (lightly wounded)
The gnoll convulses in agony!
There is an open door here.
Casting: Pain
Confirm with . or Enter, or press ? or * to list all spells.
Aiming: Pain
Press: ? - help, Shift-Dir - straight line, f - gnoll
Aim: a gnoll, wielding a spear (heavily wounded)
The gnoll convulses in agony!
You kill the gnoll!
Casting: Pain
Confirm with . or Enter, or press ? or * to list all spells.
Aiming: Pain
Press: ? - help, Shift-Dir - straight line, f - gnoll
Aim: a gnoll, wielding a spear The gnoll struggles to resist.
The gnoll hits you from afar with a spear!
You die...

#...## ###..#
########.## ###+#####
#..>......# #.......#
#.......... #.......#
###.........#
#.......###...........#
#.......'...#.........#
#...g.@.#####.........#
###'##### #.........#
#..# #.........# ##g#
########.## #g# .# ...
..... ....... #.......#


You could see a gnoll.

Vanquished Creatures
  Jessica (D:2)
  A gnoll (D:3)
  3 adders (D:2)
  A worm (D:2)
  A giant mite (D:1)
  5 giant geckos
  3 oozes
  6 bats
  8 goblins
  6 hobgoblins
  A quokka (D:2)
  2 giant newts (D:1)
  9 kobolds
  7 rats
54 creatures vanquished.

Notes
Turn   | Place    | Note
--------------------------------------------------------------
     0 | D:1      | Psiweapon, the Mummy Necromancer, began the quest for the Orb.
     0 | D:1      | Reached XP level 1. HP: 13/13 MP: 3/3
   358 | D:1      | Reached XP level 2. HP: 18/20 MP: 0/4
   487 | D:1      | Reached skill level 1 in Fighting
   942 | D:1      | Reached XP level 3. HP: 13/26 MP: 3/6
  2187 | D:2      | Reached XP level 4. HP: 28/32 MP: 0/7
  2192 | D:2      | Learned a level 3 spell: Vampiric Draining
  2322 | D:2      | Found a blossoming altar of Fedhas.
  2323 | D:2      | Noticed Jessica
  2327 | D:2      | Killed Jessica
  2678 | D:2      | Found a sparkling altar of Nemelex Xobeh.
  2877 | D:3      | Mangled by a gnoll

Action                   |  1- 3 |  4- 6 || total
-------------------------+-------+-------++-------
Melee: Hand axe          |    13 |       ||    13
       Dagger            |    16 |    16 ||    32
       Short sword       |     4 |       ||     4
Throw: Dart              |     2 |     5 ||     7
 Cast: Pain              |    82 |    30 ||   112
       Vampiric Draining |       |     2 ||     2
  Use: Scroll            |     1 |       ||     1
 Stab: Sleeping          |     1 |       ||     1
